 Dungeon Crawl Stone Soup version 0.30-a0-779-g7971cf19c3 (webtiles) character file.

Game seed: 16334296863450278835

20 Lucx527 the Trooper (level 2, 27/27 HPs)
             Began as a Minotaur Berserker on Feb 17, 2023.
             Was a Follower of Trog.
             Got out of the dungeon alive.
             The game lasted 00:05:10 (750 turns).

Lucx527 the Trooper (Minotaur Berserker)             Turns: 750, Time: 00:05:10

Health: 27/27      AC:  2    Str: 21    XL:     2   Next: 58%
Magic:  1/1        EV: 12    Int:  4    God:    Trog [*.....]
Gold:   71         SH:  0    Dex:  9    Spells: 1/1 levels left

rFire   . . .      SeeInvis .    a - +0 hand axe
rCold   . . .      Faith    .    (no shield)
rNeg    . . .      Spirit   .    b - +0 animal skin
rPois   .          Reflect  .    (helmet restricted)
rElec   .          Harm     .    (no cloak)
rCorr   .          Rampage  .    (no gloves)
Will    .....                    (no boots)
Stlth   +                        (no amulet)
HPRegen 0.24/turn                (no ring)
MPRegen 0.07/turn                (no ring)

@: no status effects
A: horns 2, retaliatory headbutt
a: Renounce Religion, Berserk


You escaped.
You worshipped Trog.
Trog was aware of your devotion.
You visited 1 branch of the dungeon, and saw 2 of its levels.

You collected 71 gold pieces.

Inventory:

Hand Weapons
 a - a +0 hand axe (weapon)
 e - a +0 dagger
 i - a +0 whip
 k - a +0 dagger
 l - a +0 spear
Missiles
 c - 23 stones (quivered)
 j - 3 poisoned darts
Armour
 b - a +0 animal skin (worn)
 h - a +0 cloak
 m - a +0 scale mail
Scrolls
 d - a scroll of amnesia {unknown}
 g - 2 scrolls of immolation {unknown}
Potions
 f - 2 potions of curing {unknown}


   Skills:
 + Level 4.1 Fighting
 + Level 4.0 Axes
 + Level 2.5 Armour
 + Level 2.5 Dodging


You had one spell level left.
You didn't know any spells.
Your spell library contained the following spells:

 Spells                   Type           Power      Damage    Failure   Level
 Sandblast                Erth           0%         2d4       50%         1
 Passwall                 Tmut/Erth      0%         N/A       65%         2
 Stone Arrow              Conj/Erth      0%         3d7       86%         3


Dungeon Overview and Level Annotations

Branches:
Dungeon (2/15)

Altars:


Innate Abilities, Weirdness & Mutations

You have a pair of horns on your head.
You reflexively headbutt those who attack you in melee.


Message History

The dart slug closely misses you.
You slash the dart slug!
You kill the dart slug!
Trog accepts your kill.
You see here a dart slug corpse.
Found a dagger.
Found 2 stones.
You see here a +0 dagger.
You see here a +0 dagger.
You see here a +0 dagger.
e - a +0 dagger
c - 23 stones (gained 2)
There is a stone staircase leading up here.
You can't go down here!
You climb upwards.
The ball python hisses angrily.
There is a stone staircase leading down here.
The ball python bites you. The ball python closely misses you.
You barely miss the ball python. You headbutt the ball python.
You kill the ball python!
Trog accepts your kill.
You see here a ball python corpse.
You see here a ball python skeleton.
You see here a ball python skeleton.
There are no objects that can be picked up here. a ball python skeleton
There is a stone staircase leading down here.
There are no items here.
You see here a ball python corpse.
There are no objects that can be picked up here. a ball python corpse
There is a stone staircase leading down here.
There is an open door here.
There is a staircase leading out of the dungeon here.
There is a staircase leading out of the dungeon here.
You can't go down here!
Are you sure you want to leave the Dungeon?
This will make you lose the game! [Y]es or [N]o only, please.
Are you sure you want to leave the Dungeon?
This will make you lose the game!
You have escaped!

#......# #.......+
.......############.......#
##.....'.............##..##
#.....#.###############.#
#.....##.#### ###.##
#.....###...### ##...#
#.....# ###...###...#
#.....# ##.......# #.....#
###.@.### ####'##
##.......#
##'######...###...#
#....##...### ##...#
#....#.#### ###.# #....'##
. #....## #....# #....#


There were no monsters in sight!

Vanquished Creatures
  A dart slug (D:2)
  2 giant cockroaches (D:1)
  A goblin (D:1)
  A hobgoblin (D:1)
  4 jackals (D:1)
  A kobold (D:1)
  A quokka (D:1)
  2 ball pythons (D:1)
  2 rats
15 creatures vanquished.

Notes
Turn   | Place    | Note
-------+----------+-------------------------------------------
     0 | D:1      | Lucx527 the Minotaur Berserker began the quest for the Orb.
     0 | D:1      | Reached XP level 1. HP: 19/19 MP: 0/0
   129 | D:1      | Reached XP level 2. HP: 22/27 MP: 1/1
   750 | D:$      | Got out of the dungeon alive.

Illustrated notes

Levels and vault maps discovered:
D:1:      dpeg_arrival_simpleton_a, layout_basic
D:2:      layout_rooms, kennysheep_nondescript

Skill      XL: |  1  2 |
---------------+-------+-----
Fighting       | 4 |  4.1
Axes           | 4 |  4.0
Armour         | |  2.5
Dodging        | |  2.5

Action                     || total
---------------------------++-------
  Melee: Hand axe          ||    25
         Headbutt          ||     5
  Throw: Stone             ||     1
    Use: Scroll            ||     1
 Armour: Animal skin       ||     7
  Dodge: Dodged            ||    18

Table legend: (Time is in decaauts)
 A = Elapsed time spent in this place.
 B = Non-inter-level travel time spent in this place.
 C = Inter-level travel time spent in this place.
 D = Time resting spent in this place.
 E = Time spent auto-exploring this place.
 F = Levels seen in this place.
 G = Mean time per level.
                   A        B        C        D        E       F      G
               +--------+--------+--------+--------+--------+-----+--------+
         Total |    753 |    706 |     47 |     47 |      0 |   2 |  376.5 |
       Dungeon |    753 |    706 |     47 |     47 |      0 |   2 |  376.5 |
               +--------+--------+--------+--------+--------+-----+--------+

Top non-repeatable levels by time:
     D:1: 561 daAuts
     D:2: 191 daAuts
